 Dungeon Crawl Stone Soup version 0.31-a0-1589-g8f5e8aebd6 (webtiles) character file.

Game seed: 1083265991567782849

103932 Implojin the Acrobat (level 16, -1/97 HPs)
             Began as a Kobold Brigand on Jan 5, 2024.
             Was the Champion of Wu Jian.
             Slain by a sixfirhy (3 damage)
             ... on level 2 of the Orcish Mines.
             The game lasted 01:07:30 (26640 turns).

Implojin the Acrobat (Kobold Brigand)              Turns: 26640, Time: 01:07:31

Health: -1/97      AC: 13    Str:  7    XL:     16   Next: 90%
Magic:  16/16      EV: 40    Int: 13    God:    Wu Jian [******]
Gold:   1285       SH: 14    Dex: 33    Spells: 15/15 levels left

rFire   . . .        Z - +9 rapier of Xiseyff {drain, rPois rF+}
rCold   . . .        y - +0 kite shield of Casiro {rElec rPois rF- Regen+}
rNeg    + + .        j - +0 troll leather armour
rPois   +            a - +2 helmet
rElec   +            E - +2 cloak {rCorr}
rCorr   +            R - +1 pair of gloves
SInv    .            p - +0 pair of boots of Wamoij {Rampage rN++ rCorr Str-4}
Will    ++++.        h - amulet of regeneration
Stlth   ++++++++     C - ring "Weemut" {^Drain Fly Will+++ Dex+6 Slay+2}
HPRegen 2.76/turn    S - +6 ring of dexterity
MPRegen 0.15/turn

%: rampage
@: about to teleport, flying
A: small, no large weapons, nightstalker 3
a: Renounce Religion, Wall Jump, Serpent's Lash, Heavenly Storm


You were on level 2 of the Orcish Mines.
You worshipped Wu Jian.
Wu Jian was exalted by your worship.
You visited 4 branches of the dungeon, and saw 23 of its levels.
You also visited: Bailey and Gauntlet.

You collected 1999 gold pieces.
You spent 714 gold pieces at shops.

Inventory:

Hand Weapons
 K - the +4 dagger of Corporal Punishment {vamp, rElec rF+}
   (You bought it in a shop on level 4 of the Dungeon)

   rF+:       It protects you from fire.
   rElec:     It insulates you from electricity.
 Z - the +9 rapier of Xiseyff (weapon) {drain, rPois rF+}
   (You found it on level 9 of the Dungeon)

   rF+:       It protects you from fire.
   rPois:     It protects you from poison
Missiles
 e - 14 curare-tipped darts
 s - 9 darts of dispersal
 D - 42 boomerangs (quivered)
Armour
 a - a +2 helmet (worn)
 j - a +0 troll leather armour (worn)
 p - the +0 pair of boots of Wamoij (worn) {Rampage rN++ rCorr Str-4}
   (You found it in a Gauntlet)

   Str-4:     It affects your strength (-4).
   rN++:      It greatly protects you from negative energy.
   rCorr:     It protects you from acid and corrosion.
   Rampage:   It bestows one free step when moving towards enemies.
 y - the +0 kite shield of Casiro (worn) {rElec rPois rF- Regen+}
   (You found it in a Gauntlet)

   rF-:       It makes you vulnerable to fire.
   rElec:     It insulates you from electricity.
   rPois:     It protects you from poison Regen+: It increases your rate of
   health regeneration.
 E - a +2 cloak of preservation (worn)
 L - a +1 leather armour of fire resistance
 R - a +1 pair of gloves (worn)
Jewellery
 h - an amulet of regeneration (around neck)
 r - a ring of protection from fire
 v - a ring of resist corrosion
 C - the ring "Weemut" (left hand) {^Drain Fly Will+++ Dex+6 Slay+2}
   (You acquired it in a bailey)

   [ring of dexterity]

   Dex+6:     It affects your dexterity (+6).
   Slay+2:    It affects your accuracy & damage with ranged weapons and melee
   (+2).
   Will+++:   It greatly increases your willpower.
   Fly:       It grants you flight.
   ^Drain:    It drains your maximum health when unequipped.
 N - a ring of poison resistance
 P - a ring of protection from cold
 S - a +6 ring of dexterity (right hand)
Wands
 b - a wand of digging (6)
 n - a wand of light (14)
 J - a wand of paralysis (18)
 Y - a wand of iceblast (10)
Scrolls
 c - a scroll of identify
 q - 3 scrolls of fear
 x - 5 scrolls of blinking
 z - a scroll of summoning
 B - 2 scrolls of vulnerability
 F - 9 scrolls of teleportation
 G - a scroll of brand weapon {unknown}
 M - 5 scrolls of immolation
 U - a scroll of torment {unknown}
 W - 4 scrolls of fog
 X - a scroll of silence {unknown}
Potions
 f - a potion of ambrosia {unknown}
 g - 4 potions of haste
 i - a potion of cancellation {unknown}
 k - 6 potions of mutation
 l - 9 potions of heal wounds
 u - 3 potions of magic
 w - 2 potions of might {unknown}
 A - 9 potions of curing
 H - a potion of attraction {unknown}
 Q - 4 potions of enlightenment
Miscellaneous
 d - a sack of spiders
 O - a condenser vane


   Skills:
 - Level 10.0 Fighting
 - Level 16.6 Short Blades
 - Level 3.0 Throwing
 - Level 6.0 Armour
 - Level 22.0 Dodging
 - Level 15.0 Stealth
 * Level 6.1 Shields
 - Level 8.0 Evocations


You had 15 spell levels left.
You didn't know any spells.
Your spell library contained the following spells:

 Spells                   Type           Power      Damage    Failure   Level
 Apportation              Tloc           0%         N/A       93%         1
 Foxfire                  Conj/Fire      0%         2x1d4     93%         1
 Freeze                   Ice            0%         1d3       93%         1
 Necrotise                Necr           0%         1d4       93%         1
 Slow                     Hex            0%         N/A       93%         1
 Sting                    Conj/Alch      0%         1d3       93%         1
 Summon Small Mammal      Summ           0%         N/A       93%         1
 Call Imp                 Summ           0%         N/A       98%         2
 Cigotuvi's Dreadful Rot  Necr/Alch/Air  0%         N/A       98%         2
 Mercury Vapours          Alch/Air       0%         N/A       98%         2
 Sublimation of Blood     Necr           0%         N/A       98%         2
 Confusing Touch          Hex            0%         N/A       100%        3
 Frozen Ramparts          Ice            0%         1d1       100%        3
 Hailstorm                Conj/Ice       0%         3d5       100%        3
 Mephitic Cloud           Conj/Alch/Air  0%         N/A       100%        3
 Sigil of Binding         Hex            0%         N/A       100%        3
 Vampiric Draining        Necr           0%         2d6       100%        3
 Volatile Blastmotes      Fire/Tloc      0%         2d10      100%        3
 Fulminant Prism          Conj/Alch      0%         3d5       100%        4
 Ignite Poison            Fire/Alch      0%         N/A       100%        4
 Iskenderun's Mystic Bla  Conj/Tloc      0%         2d3       100%        4
 Manifold Assault         Tloc           0%         N/A       100%        4
 Petrify                  Alch/Erth      0%         N/A       100%        4
 Vhi's Electric Charge    Tloc/Air       0%         N/A       100%        4
 Arcjolt                  Conj/Air       0%         1d10      100%        5
 Freezing Cloud           Conj/Ice/Air   0%         6-21      100%        5
 Irradiate                Conj/Alch      0%         3d11      100%        5
 Summon Forest            Summ/Tloc      0%         N/A       100%        5
 Summon Mana Viper        Hex/Summ       0%         N/A       100%        5
 Dispersal                Tloc           0%         N/A       100%        6
 Plasma Beam              Fire/Air       0%         2x1d10    100%        6
 Starburst                Conj/Fire      0%         6d3       100%        6
 Summon Cactus Giant      Summ           0%         N/A       100%        6
 Summon Hydra             Summ           0%         N/A       100%        7
 Disjunction              Tloc           0%         N/A       100%        8


Dungeon Overview and Level Annotations

Branches:
Dungeon (15/15)            Temple (1/1) D:6            Lair (5/5) D:9
 Shoals (0/4) Lair:2       Spider (0/4) Lair:2        Slime (0/5) Lair:4
    Orc (2/2) D:11            Elf (0/3) Orc:2        Vaults (0/5) D:13
 Depths (0/4) D:15         Bailey (visited)         Gauntlet (visited)

Altars:
Ashenzari
Cheibriados
Dithmenos
Elyvilon
Fedhas
Gozag
Hepliaklqana
Kikubaaqudgha
Makhleb
Nemelex Xobeh
Okawaru
Qazlal
Ru
Sif Muna
Trog
Uskayaw
Vehumet
Wu Jian
Xom
Yredelemnul
Zin
The Shining One
Jiyva
Lugonu

Shops:
D:1 =   D:4 **   D:5 *(   D:7 *   Orc:2 ***?*

Portals:
Abyss: Lair:5

Annotations:
Temple 4 transporters


Innate Abilities, Weirdness & Mutations

You are small and have problems with some larger weapons.
You are completely attuned to the shadows.


Message History

You feel strangely unstable. The sixfirhy completely misses you. x2
You block the sixfirhy's attack. The sixfirhy completely misses you.
The hellwing completely misses you. You block the hellwing's attack.
The orc priest calls down the wrath of Beogh upon you.
Beogh smites you! You block the orc warrior's attack.
The sixfirhy completely misses you.
Unknown command.
Unknown command.
You closely miss the hellwing.
The hellwing is almost dead.
You block the hellwing's attack. x2
The orc high priest invokes the aid of Beogh against you.
Beogh smites you!
The orc priest casts a cantrip, but nothing happens.
The orc warrior closely misses you. You block the orc knight's attack.
The orc warrior misses you.
You hear a shout!
Danger: Low HP Warning |T2| Reason: 50% HP (49/97)
You hit the hellwing.
The hellwing is almost dead.
You hear a shout! x2
The hellwing barely misses you. You block the hellwing's attack.
You hit the hellwing.
The hellwing is almost dead.
You block the sixfirhy's attack. The sixfirhy closely misses you.
You block the orc warrior's attack. You block the orc knight's attack.
The orc warrior hits you from afar with a +0 trident!
The hellwing completely misses you. x2; The sixfirhy completely misses you.
Danger: Low HP Warning |T2| Reason: 44% HP (43/97)
You puncture the hellwing!
You kill the hellwing!
The hellwing disappears in a puff of smoke!
You block the sixfirhy's attack. x3; The sixfirhy completely misses you.
The orc high priest closely misses you. The orc knight completely misses you.
The orc warrior hits you from afar with a +1 trident of venom!
The orc priest mumbles some strange prayers to Beogh against you.
Beogh smites you! The orc warrior completely misses you.
The orange demon closely misses you. The sixfirhy hits you!
The sixfirhy shocks you. You resist.
You die...

............)..)...#####
......)...........##
..#≈∩≈#..........##
..#####.........### ..
..............>###....
..............###.#o..
.............###o4oo..
............###3o3#
...........###.o@##
..........###..§##
.........###...## ##
........###.#.## #.#
.......###...## #... #
.....)).###.#.##
##.#.###
....)....###)).##
##...###.
....)))..)###)..##
##.).###..
....)))##..###...##
##..)###..#


You could see an orc knight (drained), an orc high priest (strong), an orange
demon (summoned), 2 sixfirhies, 3 orc warriors and an orc priest (strong).

Vanquished Creatures
  Rupert (D:14)
  An orc warlord (Bailey)
  An ironbound preserver (D:13)
  A stone giant (D:15)
  Nessos (Orc:2)
  A minotaur (Gauntlet)
  The ghost of Hubris850 the Cruncher, a journeyman KoHu of Dithmenos (Lair:3)
  6 hydras
  Erolcha (D:12)
  2 catoblepae (D:15)
  A death knight (D:13)
  The ghost of browni3141 the Blocker, a novice FoSh of Ru (D:11)
  6 centaur warriors
  4 two-headed ogres
  5 boulder beetles
  5 death yaks (Lair:4)
  An orc high priest (Orc:2)
  The ghost of 0gre the Frost Mage, a novice GnIE of Gozag (D:10)
  4 thrashing horrors
  4 tengu warriors (D:15)
  A sixfirhy (Orc:2)
  4 skeletal warriors (D:13)
  Pikel (D:5)
  4 large abominations (Lair:5)
  6 orc knights
  5 deep elf pyromancers
  A lindwurm (Lair:5)
  2 wolf spiders (Lair:1)
  7 cyclopes
  4 manticores
  28 ugly things
  3 elephants (Lair:3)
  3 smoke demons (Lair:5)
  2 slime creatures (Gauntlet)
  A rust devil (Gauntlet)
  A torpor snail (Lair:2)
  An ice statue (D:11)
  5 black mambas
  5 gargoyles
  9 komodo dragons
  14 cane toads
  2 kobold demonologists (D:13)
  7 rime drakes
  A tengu conjurer (D:13)
  A red devil (Orc:2)
  9 trolls
  3 polar bears
  A troll (shapeshifter) (D:11)
  Grinder (D:6)
  A hornet (D:8)
  7 dream sheep (Lair:3)
  13 blink frogs
  2 raiju (Lair:5)
  A snapping turtle (Lair:2)
  2 spriggans (Lair:5)
  2 centaur simulacra
  A culicivora (Lair:2)
  3 ynoxinuls
  A yak (shapeshifter) (D:15)
  6 wyverns
  A shadow (D:10)
  5 water elementals
  Eustachio (D:4)
  47 yaks
  A warg (D:15)
  4 vampire mosquitoes (D:10)
  2 basilisks
  Edmund (D:4)
  A chaos spawn (Lair:5)
  A water moccasin (shapeshifter) (D:13)
  Duvessa (D:6)
  17 water moccasins
  A sky beast (D:6)
  2 black bears (D:7)
  A meliai simulacrum (D:14)
  2 laughing skulls (D:15)
  28 orc warriors
  An ice beast (D:6)
  4 ogres
  18 centaurs
  10 wolves
  2 phantoms
  21 bullfrogs
  5 scorpions
  2 gnoll sergeants
  14 small abominations
  7 wights
  Dowan (D:6)
  20 killer bees
  2 jellies
  8 electric eels
  A howler monkey (D:6)
  A crimson imp (D:3)
  21 orc priests
  A bombardier beetle (D:6)
  6 hounds
  4 iron imps (Gauntlet)
  A gnoll bouda (D:5)
  5 iguanas
  10 orc wizards
  2 sleepcaps
  A hell rat (Lair:2)
  Robin (D:3)
  6 adders
  23 gnolls
  2 white imps (D:5)
  2 ufetubi (D:6)
  2 dart slugs
  A ribbon worm (D:3)
  68 orcs
  5 ball pythons
  2 bats
  6 endoplasms
  2 giant cockroaches (D:1)
  20 goblins
  8 hobgoblins
  A jackal (D:1)
  6 quokkas
  2 frilled lizards (D:2)
  11 kobolds
  7 rats
678 creatures vanquished.

Vanquished Creatures (others)
  A troll (D:13)
  A small abomination (Lair:5)
  An orc priest (Orc:2)
3 creatures vanquished.

Grand Total: 681 creatures vanquished

Notes
Turn   | Place    | Note
-------+----------+-------------------------------------------
     0 | D:1      | Implojin the Kobold Brigand began the quest for the Orb.
     0 | D:1      | Reached XP level 1. HP: 12/12 MP: 1/1
   112 | D:1      | Reached XP level 2. HP: 17/17 MP: 2/2
   882 | D:1      | Reached XP level 3. HP: 21/21 MP: 3/3
   947 | D:1      | Found Yhisoil's Jewellery Emporium.
  1698 | D:3      | Reached skill level 2 in Dodging
  1739 | D:3      | Reached XP level 4. HP: 26/26 MP: 4/4
  1769 | D:3      | Reached skill level 3 in Dodging
  1806 | D:3      | Noticed a scorpion
  1809 | D:3      | Killed a scorpion
  1810 | D:3      | Reached skill level 4 in Dodging
  1810 | D:3      | Reached XP level 5. HP: 30/30 MP: 5/5
  1976 | D:3      | Reached skill level 5 in Dodging
  1981 | D:3      | Noticed Robin
  2030 | D:3      | Killed Robin
  2252 | D:3      | Reached XP level 6. HP: 33/35 MP: 6/6
  2604 | D:3      | Found a shimmering altar of Xom.
  2604 | D:3      | Found a burning altar of Makhleb.
  2610 | D:3      | Reached skill level 6 in Dodging
  2747 | D:4      | Noticed an ogre
  2758 | D:4      | Killed an ogre
  2836 | D:4      | Found Gozag's Platinum Reserve.
  2836 | D:4      | Found an opulent altar of Gozag.
  2852 | D:4      | Noticed Edmund
  2897 | D:4      | Reached skill level 7 in Dodging
  2897 | D:4      | Reached XP level 7. HP: 40/40 MP: 7/7
  3008 | D:4      | Found Ywel's Assorted Antiques.
  3111 | D:4      | Reached skill level 5 in Short Blades
  3320 | D:4      | Found a radiant altar of Vehumet.
  3480 | D:4      | Killed Edmund
  3534 | D:4      | Noticed Eustachio
  3573 | D:4      | Killed Eustachio
  3574 | D:4      | Reached XP level 8. HP: 34/44 MP: 8/8
  4512 | D:5      | Entered Level 5 of the Dungeon
  4661 | D:5      | Noticed Pikel
  4682 | D:5      | Killed Pikel
  4683 | D:5      | Reached skill level 10 in Short Blades
  4765 | D:5      | Found Sogiug's Weapon Boutique.
  4814 | D:5      | Reached XP level 9. HP: 52/52 MP: 9/9
  5434 | D:5      | Found Daossunn's Assorted Antiques.
  6135 | D:4      | Bought a shimmering dagger for 175 gold pieces
  6135 | D:4      | Identified the +4 dagger of Corporal Punishment {vamp,
                  | rElec rF+} (You bought it in a shop on level 4 of the
                  | Dungeon)
  6367 | D:6      | Noticed Grinder
  6370 | D:6      | Paralysed by Grinder for 2 turns
  6373 | D:6      | Killed Grinder
  6574 | D:6      | Noticed Duvessa
  6574 | D:6      | Noticed Dowan
  6577 | D:6      | Killed Duvessa
  6591 | D:6      | Killed Dowan
  7019 | D:6      | Reached skill level 10 in Stealth
  7125 | D:6      | Found a staircase to the Ecumenical Temple.
  7145 | Temple   | Found a transporter.
  7145 | Temple   | Found a transporter.
  7145 | Temple   | Found a transporter.
  7145 | Temple   | Found a transporter.
  7145 | Temple   | Entered the Ecumenical Temple
  7270 | D:6      | Reached XP level 10. HP: 56/56 MP: 10/10
  7345 | D:7      | Reached skill level 8 in Dodging
  7624 | D:7      | Reached skill level 9 in Dodging
  7932 | D:7      | Reached skill level 10 in Dodging
  8251 | D:7      | Found Wianuukh's Serpentskin Sales.
  8306 | D:8      | Identified the +1 robe of Distant Worlds {Harm rPois}
  8371 | D:8      | Noticed a two-headed ogre
  8389 | D:8      | Killed a two-headed ogre
  8390 | D:8      | Reached skill level 11 in Dodging
  8998 | D:9      | Reached skill level 12 in Dodging
  9011 | D:9      | Reached skill level 1 in Evocations
  9132 | D:9      | Reached XP level 11. HP: 62/62 MP: 11/11
  9186 | D:9      | Reached skill level 5 in Fighting
  9391 | D:9      | Identified the +9 rapier of Xiseyff {drain, rPois rF+}
  9471 | D:9      | Found a sparkling altar of Nemelex Xobeh.
  9471 | D:9      | Found a snail-covered altar of Cheibriados.
  9475 | D:9      | Found a shadowy altar of Dithmenos.
  9480 | D:9      | Found a basalt altar of Yredelemnul.
  9480 | D:9      | Found an iron altar of Okawaru.
  9480 | D:9      | Found an ornate altar of the Wu Jian Council.
  9480 | D:9      | Found a stormy altar of Qazlal.
  9482 | D:9      | Found a hazy altar of Hepliaklqana.
  9483 | D:9      | Found a shimmering blue altar of Sif Muna.
  9498 | D:9      | Became a worshipper of the Wu Jian Council
  9664 | D:9      | Found a staircase to the Lair.
  9944 | D:10     | Entered Level 10 of the Dungeon
 10008 | D:10     | Found a flagged portal.
 10014 | Bailey   | Entered a bailey
 10095 | Bailey   | Noticed an orc warlord
 10137 | Bailey   | Noticed an orc knight
 10147 | Bailey   | Killed an orc knight
 10182 | Bailey   | Noticed an orc knight
 10325 | Bailey   | Found a runed translucent gate.
 10335 | Bailey   | Killed an orc knight
 10336 | Bailey   | Reached skill level 5 in Evocations
 10336 | Bailey   | Found a runed translucent gate.
 10337 | Bailey   | Found a runed translucent gate.
 10448 | Bailey   | Killed an orc warlord
 10480 | Bailey   | Acquired the ring "Weemut" {^Drain Fly Will+++ Dex+6
                  | Slay+2}
 10813 | D:10     | Reached * piety under Wu Jian
 10999 | D:10     | Found a runed translucent door.
 11002 | D:10     | Noticed 0gre's ghost (novice GnIE)
 11006 | D:10     | Killed 0gre's ghost
 11071 | D:10     | Noticed a two-headed ogre
 11074 | D:10     | Killed a two-headed ogre
 11086 | D:10     | Reached XP level 12. HP: 72/72 MP: 12/12
 11945 | D:1      | Bought an amulet of regeneration for 420 gold pieces
 12126 | D:4      | Bought a fizzy black potion for 22 gold pieces
 12233 | Lair:1   | Entered Level 1 of the Lair of Beasts
 12298 | Lair:1   | Reached skill level 13 in Dodging
 12345 | Lair:1   | Reached skill level 14 in Dodging
 12423 | Lair:1   | Reached skill level 15 in Dodging
 12504 | Lair:1   | Reached skill level 1 in Armour
 12668 | Lair:1   | Reached ** piety under Wu Jian
 13177 | Lair:2   | Reached XP level 13. HP: 76/76 MP: 13/13
 13273 | Lair:2   | Found a hole to the Spider Nest.
 13310 | Lair:2   | Reached skill level 5 in Armour
 13470 | Lair:2   | Noticed a five-headed hydra
 13488 | Lair:2   | Killed a five-headed hydra
 13903 | Lair:2   | Reached skill level 10 in Fighting
 14371 | Lair:2   | Found a staircase to the Shoals.
 14432 | Lair:3   | Reached *** piety under Wu Jian
 14621 | Lair:3   | Reached skill level 16 in Dodging
 14979 | Lair:3   | Found a runed translucent gate.
 14979 | Lair:3   | Found a runed translucent gate.
 14979 | Lair:3   | Found a runed translucent gate.
 15018 | Lair:3   | Noticed Hubris850's ghost (journeyman KoHu)
 15032 | Lair:3   | Killed Hubris850's ghost
 15417 | Lair:4   | Reached XP level 14. HP: 88/88 MP: 14/14
 15454 | Lair:4   | Found a viscous altar of Jiyva.
 15455 | Lair:4   | Found a staircase to the Slime Pits.
 15478 | Lair:4   | Reached skill level 17 in Dodging
 15748 | Lair:4   | Reached **** piety under Wu Jian
 15860 | Lair:4   | Reached skill level 18 in Dodging
 16461 | Lair:5   | Entered Level 5 of the Lair of Beasts
 16781 | Lair:5   | Reached skill level 19 in Dodging
 17132 | Lair:5   | Reached ***** piety under Wu Jian
 17145 | Lair:5   | Reached skill level 20 in Dodging
 17602 | Lair:5   | Found a corrupted altar of Lugonu.
 17604 | Lair:5   | Found a one-way gate to the infinite horrors of the Abyss.
 17614 | Lair:5   | Reached XP level 15. HP: 92/92 MP: 15/15
 18393 | Lair:5   | Found a corrupted altar of Lugonu.
 18396 | Lair:5   | Found a one-way gate to the infinite horrors of the Abyss.
 19133 | D:11     | Noticed browni3141's ghost (novice FoSh)
 19323 | D:4      | Bought a scroll labelled COMIFE FIHECE for 25 gold pieces
 19323 | D:4      | Bought a scroll of identify for 50 gold pieces
 19323 | D:4      | Bought a metallic orange potion for 22 gold pieces
 19565 | D:11     | Found a transporter.
 19566 | D:11     | Found a transporter.
 19754 | D:11     | Identified the +7 long sword of Impermanence {freeze,
                  | Dex+3}
 19880 | D:11     | Found a staircase to the Orcish Mines.
 19894 | D:11     | Reached skill level 21 in Dodging
 20204 | D:11     | Killed browni3141's ghost
 20423 | D:12     | Noticed Erolcha
 20427 | D:12     | Killed Erolcha
 20484 | D:12     | Reached skill level 22 in Dodging
 21778 | D:13     | Noticed an ironbound preserver
 21795 | D:13     | Killed an ironbound preserver
 21863 | D:13     | Found a gate to the Vaults.
 23194 | D:14     | Noticed Rupert
 23207 | D:14     | Killed Rupert
 23488 | D:14     | Reached XP level 16. HP: 97/97 MP: 16/16
 23567 | D:14     | Reached skill level 15 in Stealth
 24053 | D:15     | Entered Level 15 of the Dungeon
 24105 | D:15     | Reached skill level 15 in Short Blades
 24142 | D:15     | Reached ****** piety under Wu Jian
 24145 | D:15     | Found a gate leading to a gauntlet.
 24153 | Gauntlet | Entered a Gauntlet
 24153 | Gauntlet | Found a transporter.
 24167 | Gauntlet | Found a transporter.
 24169 | Gauntlet | Found a transporter.
 24191 | Gauntlet | Found a transporter.
 24200 | Gauntlet | Found a transporter.
 24208 | Gauntlet | Found a transporter.
 24231 | Gauntlet | Found a transporter.
 24261 | Gauntlet | Found a transporter.
 24294 | Gauntlet | Found a transporter.
 24321 | Gauntlet | Found a transporter.
 24331 | Gauntlet | Found a large runed translucent door.
 24331 | Gauntlet | Found a large runed translucent door.
 24332 | Gauntlet | Found a large runed translucent door.
 24333 | Gauntlet | Found a large runed translucent door.
 24334 | Gauntlet | Found a large runed translucent door.
 24334 | Gauntlet | Found a large runed translucent door.
 24335 | Gauntlet | Found a large runed translucent door.
 24336 | Gauntlet | Found a large runed translucent door.
 24340 | Gauntlet | Found a transporter.
 24350 | Gauntlet | Found a runed translucent gate.
 24351 | Gauntlet | Found a transporter.
 24351 | Gauntlet | Found a runed translucent gate.
 24352 | Gauntlet | Found a runed translucent gate.
 24361 | Gauntlet | Found a large runed translucent door.
 24361 | Gauntlet | Found a large runed translucent door.
 24362 | Gauntlet | Found a large runed translucent door.
 24363 | Gauntlet | Found a large runed translucent door.
 24364 | Gauntlet | Found a large runed translucent door.
 24364 | Gauntlet | Found a large runed translucent door.
 24365 | Gauntlet | Found a large runed translucent door.
 24366 | Gauntlet | Found a large runed translucent door.
 24381 | Gauntlet | Found a transporter.
 24403 | Gauntlet | Found a transporter.
 24416 | Gauntlet | Found a transporter.
 24420 | Gauntlet | Found a transporter.
 24451 | Gauntlet | Found a transporter.
 24479 | Gauntlet | Found a transporter.
 24592 | Gauntlet | Identified the +0 pair of boots of Wamoij {Rampage rN++
                  | rCorr Str-4}
 24629 | Gauntlet | Identified the +0 kite shield of Casiro {rElec rPois rF-
                  | Regen+}
 24634 | Gauntlet | Identified the +5 scimitar "Xuosoud" {protect, rPois rC+
                  | Dex-2}
 24644 | Gauntlet | Identified the +0 plate armour of Amiras {rCorr Int+4 SInv
                  | Stlth+}
 24972 | D:15     | Reached skill level 1 in Shields
 24974 | D:15     | Found a staircase to the Depths.
 25391 | D:15     | Reached skill level 5 in Shields
 25739 | Orc:1    | Entered Level 1 of the Orcish Mines
 25929 | Orc:2    | Entered Level 2 of the Orcish Mines
 26165 | Orc:2    | Found Dedd's General Store.
 26200 | Orc:2    | Found Zobies's Magic Scroll Shoppe.
 26316 | Orc:2    | Found Tesiz's CLEARANCE SALE!.
 26505 | Orc:2    | Found a staircase to the Elven Halls.
 26510 | Orc:2    | Noticed Nessos
 26511 | Orc:2    | Found Lobymoas's Specific Store.
 26511 | Orc:2    | Found Boesiygo's General Store.
 26512 | Orc:2    | Killed Nessos
 26640 | Orc:2    | HP: 2/97 [sixfirhy (11)]
 26640 | Orc:2    | Slain by a sixfirhy

Illustrated notes

Levels and vault maps discovered:
D:1:      dpeg_arrival_brainrot, layout_basic, serial_shops, shop_statue
D:2:      layout_basic
D:3:      layout_loops_ring, grunt_temple_overflow_champion_of_chaos, uniq_robin
D:4:      minmay_inner_zag, layout_layer_cave, mainiacjoe_overflow_catwalk,
          nicolae_gozag_zags_fifth_avenue, nicolae_stop_n_shop_2, uniq_edmund,
          uniq_eustachio
D:5:      layout_basic, serial_shops, nicolae_shop_getting_attention,
          nicolae_take_the_stairs, uniq_pikel
D:6:      layout_basic, temple_doors_cd, uniq_grinder, uniq_duvessa
D:7:      layout_basic, guppyfry_shop_venom
D:8:      layout_cave_pools
D:9:      layout_cave_pools, minitemple, erik_lair_island,
          minmay_misc_feat_roman
D:10:     layout_irregular_city, hellmonk_ghost_happy_afterlife, enter_bailey_2,
          serial_library_hellmonk_secret_room, minmay_misc_feat_chi
D:11:     layout_roguey, david_orc_5, nzn_ghost_randoct
D:12:     layout_gridville, uniq_erolcha
D:13:     layout_gridville, skrybe_vaults_entry_preservation
D:14:     layout_irregular_city, infiniplex_staircase_spiral_double, uniq_rupert
D:15:     grunt_enter_depths_snipers, layout_basic, gauntlet_entry_generic,
          chequers_serial_rivers_marsh
Temple:   hellmonk_temple_divided_pantheon
Lair:1:   layout_big_grid, hangedman_lair_unloving_vines,
          nicolae_lair_run_with_the_wolves, serial_bayou_shore_b,
          grunt_megastairs_5
Lair:2:   nzn_winding_woodlands_three_and_one
          [nzn_winding_woodlands_5x15_default,
          nzn_winding_woodlands_5x15_crooked, nzn_winding_woodlands_5x15_garden,
          nzn_winding_woodlands_center_garden], layout_cellular_growth,
          minmay_shoals_entry_hut, hellmonk_spider_entry_life_and_decay,
          wad_woods_road_02
Lair:3:   layout_regular_city, gammafunk_ghost_split
Lair:4:   layout_regular_city, slime_entry_1
Lair:5:   hellmonk_lair_end_abyssal_woods, layout_gridlike,
          nicolae_lair_lindhole
Orc:1:    layout_caves, mines3_lemuel
Orc:2:    pf_orc_diabolical, layout_diamond_mine, nicolae_specific_store,
          nicolae_orc_sculptors_studio, nicolae_shop_clearance, uniq_nessos

Skill      XL: |  1  2  3  4  5  6  7  8  9 10 11 12 13 14 15 16 |
---------------+-------------------------------------------------+-----
Short Blades   | 3 4 8 10 12 13 14 16 | 16.6
Stealth        | 6 10 14 15 | 15.0
Dodging        | 2 4 5 7 12 15 16 20 22 | 22.0
Throwing       | 3 |  3.0
Fighting       | 4 7 10 | 10.0
Evocations     | 3 8 |  8.0
Armour         | 4 6 |  6.0
Shields        | 6 |  6.1

Action                     |  1- 3 |  4- 6 |  7- 9 | 10-12 | 13-15 | 16-18 || total
---------------------------+-------+-------+-------+-------+-------+-------++-------
  Melee: Dagger            |    53 |   130 |   484 |   190 |       |       ||   857
         Punch             |       |     2 |     9 |     6 |    11 |     3 ||    31
         Rapier            |       |       |       |   296 |   877 |   598 ||  1771
  Throw: Dart              |     4 |    18 |    28 |    41 |     6 |       ||    97
 Invoke: Serpent's Lash    |       |       |       |       |     1 |       ||     1
Ability: Lunge             |       |       |       |    31 |    68 |    48 ||   147
         Whirlwind         |       |       |       |    45 |   178 |   152 ||   375
  Evoke: Wand              |     1 |     2 |     4 |       |     5 |       ||    12
         Condenser vane    |       |       |       |       |     1 |       ||     1
    Use: Scroll            |     6 |       |     2 |     5 |    16 |     2 ||    31
         Potion            |       |       |     1 |     2 |     3 |       ||     6
   Stab: Sleeping          |    18 |     7 |    11 |    30 |    59 |    23 ||   148
         Distracted        |       |     1 |     1 |    10 |    14 |     4 ||    30
         Invisible         |       |       |     1 |     2 |       |       ||     3
         Paralysed         |       |       |     1 |       |     2 |       ||     3
         Petrified         |       |       |       |       |       |     2 ||     2
         Petrifying        |       |       |       |       |       |     1 ||     1
 Armour: Robe              |     1 |       |       |       |       |       ||     1
         Scale mail        |     6 |    32 |    60 |       |       |       ||    98
         Leather armour    |     1 |       |    42 |    64 |   116 |    68 ||   291
         Troll leather arm |       |       |       |       |       |    25 ||    25
  Dodge: Dodged            |    21 |    66 |   241 |   281 |   501 |   397 ||  1507
  Block: Other             |       |       |       |    31 |       |       ||    31
         Kite shield       |       |       |       |       |       |   176 ||   176

Table legend: (Time is in decaauts)
 A = Elapsed time spent in this place.
 B = Non-inter-level travel time spent in this place.
 C = Inter-level travel time spent in this place.
 D = Time resting spent in this place.
 E = Time spent auto-exploring this place.
 F = Levels seen in this place.
 G = Mean time per level.
                   A        B        C        D        E       F      G
               +--------+--------+--------+--------+--------+-----+--------+
         Total |  25825 |  24002 |   1823 |    318 |  17749 |  25 | 1033.0 |
       Dungeon |  17214 |  15656 |   1558 |    221 |  12030 |  15 | 1147.6 |
        Temple |     17 |     17 |      0 |      0 |      0 |   1 |   17.0 |
          Lair |   6574 |   6326 |    248 |      0 |   4936 |   5 | 1314.8 |
  Orcish Mines |    873 |    857 |     16 |      0 |    640 |   2 |  436.5 |
        Bailey |    575 |    575 |      0 |     97 |    143 |   1 |  575.0 |
      Gauntlet |    570 |    570 |      0 |      0 |      0 |   1 |  570.0 |
               +--------+--------+--------+--------+--------+-----+--------+

Top non-repeatable levels by time:
  Lair:5: 2353 daAuts
     D:4: 1826 daAuts
    D:13: 1771 daAuts
     D:5: 1680 daAuts
  Lair:2: 1376 daAuts
    D:10: 1347 daAuts
    D:14: 1159 daAuts
     D:1: 1120 daAuts
     D:6: 1118 daAuts
     D:9: 1074 daAuts
  Lair:4: 1061 daAuts
     D:3: 1053 daAuts
  Lair:3: 1007 daAuts
     D:7: 1006 daAuts
    D:15: 947 daAuts
